 Dungeon Crawl Stone Soup version 0.31-a0-740-g87205ac768 (webtiles) character file.

Game seed: 16098209501773427596

197 ytrimaz the Insei (level 5, 0/28 HPs)
             Began as a Demigod Shapeshifter on Sept 12, 2023.
             Splashed by a jelly's acid (9 damage)
             ... on level 4 of the Dungeon.
             The game lasted 00:02:19 (3107 turns).

ytrimaz the Insei (Demigod Shapeshifter)            Turns: 3107, Time: 00:02:20

Health: 0/28       AC: -1    Str: 15    XL:     5   Next: 22%
Magic:  7/7        EV:  9    Int: 12    God:
Gold:   116        SH:  0    Dex: 17    Spells: 4/4 levels left

rFire   + .          .
                       - Unarmed
rCold   + . .        (shield currently unavailable)
rNeg    . . .        n - +0 scale mail
rPois   .            (no helmet)
rElec   .            (no cloak)
rCorr   .            u - +0 pair of gloves
SInv    .            (no boots)
Will    .....        (no amulet) Stlth
                     s - ring of protection from fire
HPRegen 0.24/turn    q - ring of protection from cold
MPRegen 0.10/turn

%: no passive effects
@: flux-form, corroded, glowing
A: glow, contaminating, reduced hp, high MP 1, forlorn, divine attributes
a: Begin Untransformation


You were on level 4 of the Dungeon.
You were something dangerously unstable.
You visited 1 branch of the dungeon, and saw 4 of its levels.

You collected 116 gold pieces.


Innate Abilities, Weirdness & Mutations

You are something dangerously unstable.
You glow with magical radiation, making you easy to see and hit.
Foes you strike become dangerously contaminated with magical radiation.
Your maximum health is decreased, since you lack skill for your form.
You are incapable of wielding weapons or throwing items.
You have an increased reservoir of magic. (+10% MP)
You shall have no god before yourself.
Your divine heritage dramatically boosts your attributes as you level up.


   Skills:
 - Level 0.8 Fighting
 - Level 1.7 Dodging
 + Level 4.4 Unarmed Combat
 + Level 4.2 Shapeshifting


You had 4 spell levels left.
You didn't know any spells.
Your spell library contained the following spells:

 Spells                   Type           Power      Damage    Failure   Level
 Foxfire                  Conj/Fire      0%         2x1d4     80%         1
 Slow                     Hex            0%         N/A       80%         1
 Confusing Touch          Hex            0%         N/A       99%         3
 Sigil of Binding         Hex            0%         N/A       99%         3
 Vampiric Draining        Necr           0%         2d6       99%         3
 Plasma Beam              Fire/Air       0%         2x1d10    100%        6
 Starburst                Conj/Fire      0%         6d3       100%        6

Inventory:

Armour
 n - a +0 scale mail (worn)
   (You found it on level 3 of the Dungeon)
 u - a +0 pair of gloves (worn)
   (You found it on level 4 of the Dungeon)
Jewellery
 e - a ring of see invisible
   (You found it on level 1 of the Dungeon)
 g - a ring of resist corrosion
   (You found it on level 1 of the Dungeon)
 q - a ring of protection from cold (right hand)
   (You found it on level 3 of the Dungeon)
 s - a ring of protection from fire (left hand)
   (You took it off a kobold on level 3 of the Dungeon)
Talismans
 c - a beast talisman
 d - a flux talisman (active)
Scrolls
 a - 2 scrolls of teleportation {unknown}
 i - a scroll of blinking {unknown}
 k - a scroll of summoning {unknown}
 l - 2 scrolls of noise {unknown}
 m - 2 scrolls of enchant armour {unknown}
 p - a scroll of identify {unknown}
Potions
 b - a potion of lignification
 f - a potion of brilliance {unknown}
 h - 2 potions of resistance {unknown}
 j - 4 potions of curing {unknown}
 o - a potion of degeneration {unknown}
 r - a potion of cancellation {unknown}
 t - a potion of might {unknown}

Dungeon Overview and Level Annotations

Branches:
Dungeon (4/15) Zot: 20907  Temple (0/1) D:4

.... ....## .....
# ####+###+ #..
#.#........ #..
.#........ #..
......... #..
#J....... #.)
####B###### #..
#.........# #..
#.##......# #..
######+##†.#...##
###
#...............#
##
#.......†#...#..#
#######.
#.......##...##..
........
#####.:##.....##.
####.#..
#.##..#.#..#
........


You could see a jelly (heavy contam, misshapen).


Message History

You see here a +0 pair of gloves.
You now have 85 gold pieces (gained 9).
You now have 99 gold pieces (gained 14).
Key pressed, stopping explore.
No target in view!
Key pressed, stopping explore.
You hear a distant slurping noise.
You now have 104 gold pieces (gained 5).
a - 2 scrolls labelled QEAPALOERGH (gained 1)
You now have 116 gold pieces (gained 12).
You see here a +0 pair of gloves.
Found a staircase to the Ecumenical Temple.
You see here a +0 pair of gloves.
u - a +0 pair of gloves You begin transforming.
You continue transforming. x3
Your transformation has ended.
You turn into something dangerously unstable. 😎 HP[-12]
You now have 27 max hp (-12).
An adder comes into view.
The adder moves out of view.
An adder is nearby!
An adder is nearby!
You see here a book of Weapons.
An adder is nearby!
The adder bites you but does no damage. The adder barely misses you.
You miss the adder. The adder bites you but does no damage.
You miss the adder. The adder bites you but does no damage.
You hit the adder.
The adder begins to glow.
The adder bites you but does no damage.
Unknown command.
You hit the adder.
The adder glows dangerously bright.
The adder bites you.
The adder bites you but does no damage. 😕 HP[-3]
You take 3 damage, and now have 24/27 hp.
You hit the adder.
You kill the adder!
You see here an adder corpse.
No target in view!
An iguana comes into view.
The iguana hisses angrily.
Unknown command.
You start putting on your armour.
You continue putting on your +0 pair of gloves. x4
You finish putting on your +0 pair of gloves. 😕 HP[+1]
You hit the iguana.
The iguana begins to glow.
The iguana bites you but does no damage. 😕 HP[+1] Unknown command.
You hit the iguana.
The iguana glows dangerously bright.
The iguana bites you! 😮 HP[-11]
You take 11 damage, and now have 15/27 hp.
MASSIVE DAMAGE!! (PAUSE)
You hit the iguana but do no damage.
The iguana shudders as magic cascades through it!
You kill the iguana! 😮 HP[+1]
You now have 28 max hp (+1).
You see here an iguana corpse.
Unknown command.
A jelly comes into view. 😕 HP[+7]
You regained 7 hp, and now have 23/28 hp.
A jelly is nearby!
Unknown command.
A jelly is nearby!
A jelly is nearby!
A jelly is nearby!
The jelly quivers. 😕 HP[+1]
The jelly barely misses you.
You hit the jelly.
The jelly begins to glow.
The acid corrodes you!
Your hands burn!
The jelly barely misses you. 😮 HP[-4]
You take 4 damage, and now have 20/28 hp.
You hit the jelly.
The jelly glows dangerously bright.
The acid corrodes you!
Your hands burn!
The jelly closely misses you. 😮 HP[-3]
You take 3 damage, and now have 17/28 hp.
Unknown command.
You hit the jelly but do no damage.
The jelly shudders as magic cascades through it.
The jelly twists and deforms.
Your hands burn!
* * * LOW HITPOINT WARNING * * *
😨 HP[-3]
You take 3 damage, and now have 14/28 hp.
You hit the jelly.
The jelly begins to glow.
The acid corrodes you!
Your hands burn!
* * * LOW HITPOINT WARNING * * *
The jelly closely misses you. 😨 HP[-2]
You take 2 damage, and now have 12/28 hp.
Unknown command.
You hit the jelly.
The jelly glows dangerously bright.
Your hands burn!
* * * LOW HITPOINT WARNING * * *
The jelly hits you.
* * * LOW HITPOINT WARNING * * *
You are splashed with acid!
You die...

Skill      XL: |  1  2  3  4 |
---------------+-------------+-----
Unarmed Combat | 3 4 |  4.4
Shapeshifting  | 3 4 |  4.2
Fighting       | |  0.8
Dodging        | |  1.7

Action                     |  1- 3 |  4- 6 || total
---------------------------+-------+-------++-------
  Melee: Unarmed           |   125 |    53 ||   178
         Punch             |     5 |     1 ||     6
   Stab: Sleeping          |     1 |       ||     1
 Armour: Animal skin       |    61 |       ||    61
         Scale mail        |    16 |    35 ||    51
  Dodge: Dodged            |    77 |    22 ||    99
   Form: Flux              |       |     1 ||     1

Levels and vault maps discovered:
D:1:      heliophobic_arrival_glass_houses, layout_basic
D:2:      layout_basic, basic_altar, serial_bayou_pond_d
D:3:      layout_basic, mainiacjoe_overflow_catwalk
D:4:      layout_basic, minmay_temple_entry_waves, uniq_menkaure

Notes
Turn   | Place    | Note
-------+----------+-------------------------------------------
     0 | D:1      | ytrimaz the Demigod Shapeshifter began the quest for the
                  | Orb.
     0 | D:1      | Reached XP level 1. HP: 15/15 MP: 3/3
     0 | D:1      | magus.rc [v1.9.6]
   303 | D:1      | Reached skill level 3 in Unarmed Combat
   369 | D:1      | Reached skill level 3 in Shapeshifting
   369 | D:1      | Reached XP level 2. HP: 22/22 MP: 4/4
   787 | D:1      | You pick up a book of Debilitation and begin reading...
   787 | D:1      | You add the spells Slow, Sigil of Binding, Vampiric
                  | Draining and Confusing Touch to your library.
  1773 | D:2      | Reached XP level 3. HP: 13/27 MP: 5/5
  2085 | D:3      | You pick up a book of Fire and begin reading...
  2085 | D:3      | You add the spells Foxfire, Plasma Beam and Starburst to
                  | your library.
  2471 | D:3      | Reached XP level 4. HP: 11/34 MP: 6/6
  2831 | D:4      | Noticed a bullfrog
  2843 | D:4      | Killed a bullfrog
  2844 | D:4      | Reached skill level 4 in Unarmed Combat
  2844 | D:4      | Reached skill level 4 in Shapeshifting
  2922 | D:4      | Reached XP level 5. HP: 39/39 MP: 7/7
  3015 | D:4      | Found a staircase to the Ecumenical Temple.
  3107 | D:4      | Splashed by a jelly's acid

Vanquished Creatures
  A bullfrog (D:4)
  An iguana (D:4)
  6 adders
  A worm (D:3)
  4 endoplasms
  3 giant cockroaches
  4 goblins
  4 hobgoblins
  9 kobolds
  5 quokkas
  2 ball pythons (D:1)
  3 bats (D:1)
  2 frilled lizards (D:2)
  5 rats
50 creatures vanquished.

Table legend:
 A = Non-vault XP
 B = Vault XP
 C = Vault XP percentage of total XP
 D = Non-vault monster count
 E = Vault monster count
 F = Vault count percentage of total count
                 A         B        C        D         E       F
            +---------+---------+-------+---------+---------+-------
      Total |     282 |       0 |   0.0 |      50 |       0 |   0.0
            +---------+---------+-------+---------+---------+-------
        D:1 |      33 |       0 |   0.0 |      20 |       0 |   0.0
        D:2 |      39 |       0 |   0.0 |      11 |       0 |   0.0
        D:3 |      49 |       0 |   0.0 |      13 |       0 |   0.0
        D:4 |     161 |       0 |   0.0 |       6 |       0 |   0.0
            +---------+---------+-------+---------+---------+-------

Skill      XL: |  1  2  3  4 |
---------------+-------------+-----
Unarmed Combat | 3 4 |  4.4
Shapeshifting  | 3 4 |  4.2
Fighting       | |  0.8
Dodging        | |  1.7

Action                     |  1- 3 |  4- 6 || total
---------------------------+-------+-------++-------
  Melee: Unarmed           |   125 |    53 ||   178
         Punch             |     5 |     1 ||     6
   Stab: Sleeping          |     1 |       ||     1
 Armour: Animal skin       |    61 |       ||    61
         Scale mail        |    16 |    35 ||    51
  Dodge: Dodged            |    77 |    22 ||    99
   Form: Flux              |       |     1 ||     1

Illustrated notes

Table legend:
 A = Kills in this place as a percentage of kills in the entire game.
 B = Kills by you in this place as a percentage of kills by you in the entire game.
 C = Kills by friends in this place as a percentage of kills by friends in the entire game.
 D = Other kills in this place as a percentage of other kills in the entire game.
 E = Experience gained in this place as a percentage of experience gained in the entire game.
 F = Experience gained in this place divided by the number of levels of this place that you have seen.
                   A       B       C       D       E      F
               +-------+-------+-------+-------+-------+----------------------
         Total | 100.0 | 100.0 |   N/A |   N/A | 100.0 |  70.5
       Dungeon | 100.0 | 100.0 |   N/A |   N/A | 100.0 |  70.5
               +-------+-------+-------+-------+-------+----------------------

Table legend: (Time is in decaauts)
 A = Elapsed time spent in this place.
 B = Non-inter-level travel time spent in this place.
 C = Inter-level travel time spent in this place.
 D = Time resting spent in this place.
 E = Time spent auto-exploring this place.
 F = Levels seen in this place.
 G = Mean time per level.
                   A        B        C        D        E       F      G
               +--------+--------+--------+--------+--------+-----+--------+
         Total |   3091 |   2970 |    121 |      0 |   2489 |   4 |  772.8 |
       Dungeon |   3091 |   2970 |    121 |      0 |   2489 |   4 |  772.8 |
               +--------+--------+--------+--------+--------+-----+--------+

Top non-repeatable levels by time:
     D:1: 1060 daAuts
     D:2: 1001 daAuts
     D:3: 745 daAuts
     D:4: 284 daAuts
